 Dungeon Crawl Stone Soup version 0.31.0-11-ge490571c62 (webtiles) character file.

Game seed: 15371402076393300968

805 Zeor the Insei (level 7, -3/48 HPs)
             Began as a Demonspawn Shapeshifter on Jan 30, 2024.
             Was an Initiate of Kikubaaqudgha.
             Succumbed to Eustachio's poison
             ... on level 5 of the Dungeon.
             The game lasted 00:13:07 (3672 turns).

Zeor the Insei (Demonspawn Shapeshifter)            Turns: 3672, Time: 00:13:08

Health: -3/48      AC:  9    Str: 14    XL:     7   Next: 60%
Magic:  7/7        EV: 12    Int: 10    God:    Kikubaaqudgha [......]
Gold:   197        SH:  0    Dex: 15    Spells: 6/7 levels left

rFire   . .          .
                       - Unarmed
rCold   . . .        (no shield)
rNeg    + . .        a - +1 animal skin
rPois   .            s - melded +2 helmet
rElec   .            o - melded +0 cloak
rCorr   .            (gloves currently unavailable)
SInv    .            (boots currently unavailable)
Will    +....        n - amulet of magic regeneration
Stlth   ++           h - ring of positive energy
HPRegen 0.28/turn    m - ring of willpower
MPRegen 0.50/turn

%: no passive effects
@: lethally poisoned (-3 -> -24), beast-form, sanguine armoured
A: beast (slay +2), hooves 1, demonic guardian 1, ignite blood 2, sanguine
armour 1
a: Begin Untransformation, Renounce Religion


You were on level 5 of the Dungeon.
You worshipped Kikubaaqudgha.
Kikubaaqudgha was noncommittal.
You were a hulking beast.
You visited 1 branch of the dungeon, and saw 5 of its levels.

You collected 197 gold pieces.

Inventory:

Hand Weapons
 y - the +1 dagger "Pagyral" {protect, rF+ Will+}
   (You found it on level 5 of the Dungeon)

   rF+:       It protects you from fire.
   Will+:     It increases your willpower.
Missiles
 j - 2 silver javelins (quivered)
 u - 7 atropa-tipped darts
Armour
 a - a +1 animal skin (worn)
 o - a +0 cloak (melded)
 s - a +2 helmet (melded)
Magical Staves
 g - a staff of earth
 q - a staff of alchemy
Jewellery
 h - a ring of positive energy (left hand)
 m - a ring of willpower (right hand)
 n - an amulet of magic regeneration (around neck)
Talismans
 c - a beast talisman (active)
 d - a flux talisman
Wands
 r - a wand of mindburst (19)
 w - a wand of polymorph (9)
 x - a wand of roots (5)
Scrolls
 e - a scroll of torment
 f - 4 scrolls of revelation
 k - 2 scrolls of enchant weapon {unknown}
 l - 3 scrolls of teleportation
Potions
 b - 2 potions of lignification
 p - a potion of enlightenment
 t - a potion of haste
 z - a potion of curing
 A - a potion of cancellation


   Skills:
 + Level 1.5 Fighting
 + Level 0.1 Throwing
 + Level 2.5 Dodging
 + Level 2.2 Stealth
 * Level 6.6 Unarmed Combat
 * Level 0.6 Spellcasting
 * Level 0.8 Necromancy
 * Level 4.1 Shapeshifting


You had 6 spell levels left.
You knew the following spells:

 Your Spells              Type           Power      Damage    Failure   Level
n - Necrotise             Necr           4%         1d4       26%         1

Your spell library contained the following spells:

 Spells                   Type           Power      Damage    Failure   Level
 Slow                     Hex            0%         N/A       36%         1
 Sublimation of Blood     Necr           1%         N/A       36%         2
 Call Imp                 Summ           0%         N/A       50%         2
 Vampiric Draining        Necr           1%         2d6       61%         3
 Confusing Touch          Hex            0%         N/A       73%         3
 Gell's Gravitas          Tloc           0%         N/A       73%         3
 Sigil of Binding         Hex            0%         N/A       73%         3
 Teleport Other           Tloc           0%         N/A       73%         3
 Tukima's Dance           Hex            0%         N/A       73%         3
 Martyr's Knell           Necr/Summ      1%         N/A       97%         4
 Dimensional Bullseye     Hex/Tloc       0%         N/A       98%         4
 Iskenderun's Mystic Bla  Conj/Tloc      0%         2d3       98%         4
 Curse of Agony           Necr           1%         N/A       100%        5
 Dispersal                Tloc           0%         N/A       100%        6
 Summon Hydra             Summ           0%         N/A       100%        7


Dungeon Overview and Level Annotations

Branches:
Dungeon (5/15)
 Temple: D:4-7

Altars:
Ashenzari
Dithmenos
Kikubaaqudgha
Uskayaw
Yredelemnul

Annotations:
D:5 Eustachio


Innate Abilities, Weirdness & Mutations

You are a hulking beast.
Your limbs bulge with bestial killing power. (Slay +2)
You have large cloven feet.
A weak demonic guardian rushes to your aid.
Your demonic aura often causes spilled blood to erupt in flames.
When seriously injured, your blood forms armour. (AC +6)


Message History

Eustachio is heavily wounded.
You feel sick.
Eustachio is engulfed in blazing flames.
Eustachio casts a spell.
Eustachio blinks!
The quokka bites you but does no damage.
You feel sick.
You see here an atropa-tipped dart.
You hit Eustachio.
Eustachio is severely wounded.
You feel sick.
Eustachio mumbles some strange words.
The quokka barely misses you.
You closely miss Eustachio. Your kick misses Eustachio.
Eustachio is severely wounded.
You feel sick. Eustachio hits you but does no damage.
You are more poisoned.
The quokka bites you. The quasit misses you. x2
The quasit claws you but does no damage.
You hit Eustachio but do no damage.
Eustachio is severely wounded.
You feel very sick.
The quokka bites you but does no damage.
Eustachio mumbles some strange words.
The quasit bites you but does no damage.
The quasit claws you but does no damage. x2
You closely miss Eustachio. Your kick misses Eustachio.
Eustachio is severely wounded.
You feel sick.
The crimson imp disappears in a puff of smoke!
The quasit disappears in a puff of smoke!
The quokka barely misses you.
Eustachio hits you with a +3 falchion of venom!
* * * LOW HITPOINT WARNING * * *
A demonic guardian appears!
You are more poisoned.
You punch Eustachio!
Eustachio is almost dead.
You die...
Kikubaaqudgha rasps: "You have failed me!
Welcome... death!" ∙∙ ▒∙ ▒▒ ▒▒ ∙∙ ∙▒ ∙∙ ▒∙ ∙▒ ▒∙▒▒▒∙▒∙▒▒▒▒ ▒▒▒ 5∙5∙5∙∙∙∙

∙∙▒ ▒@▒r∙▒
▒∙▒
▒▒∙▒▒#h∙∙▒
▒∙▒
▒∙∙∙∙#∙5∙▒
▒∙▒
▒▒∙▒▒▒∙▒∙▒
▒∙▒▒▒▒
▒∙∙∙∙∙∙∙▒
∙∙∙∙∙▒
▒▒▒▒▒∙▒▒▒
∙∙▒▒∙▒▒▒
▒∙∙∙▒
▒▒▒▒∙∙∙▒
▒∙∙∙▒
▒▒▒▒▒▒∙▒
▒∙∙∙▒
▒∙∙∙∙∙∙▒▒▒
▒∙∙∙▒


You could see Eustachio, an iron imp (summoned), a shadow imp (summoned), an
ufetubus (summoned), a quokka (summoned, ally target) and a friendly quasit
(summoned).

Vanquished Creatures
  An ice beast (D:5)
  2 ogres
  6 killer bees (D:4)
  A bombardier beetle (D:4)
  An orc priest (D:5)
  Terence (D:3)
  An orc wizard (D:5)
  Natasha (thrice) (D:3)
  3 gnolls (D:3)
  2 adders
  A white imp (D:5)
  2 orcs
  3 endoplasms
  2 giant cockroaches (D:2)
  6 goblins
  A hobgoblin (D:2)
  3 jackals (D:3)
  3 quokkas
  4 ball pythons (D:1)
  3 frilled lizards
  5 kobolds
  5 rats
59 creatures vanquished.

Vanquished Creatures (collateral kills)
  A goblin (D:4)
1 creature vanquished.

Grand Total: 60 creatures vanquished

Notes
Turn   | Place    | Note
-------+----------+-------------------------------------------
     0 | D:1      | Zeor the Demonspawn Shapeshifter began the quest for the
                  | Orb.
     0 | D:1      | Reached XP level 1. HP: 15/15 MP: 1/1
   274 | D:1      | Reached skill level 3 in Unarmed Combat
   274 | D:1      | Gained mutation: Your demonic aura sometimes causes spilled
                  | blood to erupt in flames. [demonic ancestry]
   274 | D:1      | Reached XP level 2. HP: 19/21 MP: 2/2
   276 | D:1      | Learned a level 1 spell: Necrotise
  1695 | D:3      | Gained mutation: A weak demonic guardian rushes to your
                  | aid. [demonic ancestry]
  1695 | D:3      | Reached XP level 3. HP: 23/26 MP: 3/3
  1849 | D:3      | Noticed Natasha
  1859 | D:3      | Killed Natasha
  1932 | D:3      | Gained mutation: When seriously injured, your blood forms
                  | armour. (AC +6) [demonic ancestry]
  1932 | D:3      | Reached XP level 4. HP: 21/32 MP: 4/4
  1940 | D:3      | Reached skill level 4 in Unarmed Combat
  2081 | D:3      | Noticed Natasha
  2095 | D:3      | Killed Natasha
  2162 | D:3      | Noticed Terence
  2182 | D:3      | Killed Terence
  2183 | D:3      | Gained mutation: You have large cloven feet. [demonic
                  | ancestry]
  2183 | D:3      | Reached XP level 5. HP: 33/37 MP: 5/5
  2375 | D:3      | Noticed Natasha
  2379 | D:3      | Killed Natasha
  2845 | D:4      | Noticed an ogre
  2852 | D:4      | Killed an ogre
  2853 | D:4      | Reached skill level 1 in Stealth
  2853 | D:4      | Reached skill level 5 in Unarmed Combat
  2853 | D:4      | Reached XP level 6. HP: 31/43 MP: 6/6
  2945 | D:4      | Gained mutation: Your demonic aura often causes spilled
                  | blood to erupt in flames. [demonic ancestry]
  2945 | D:4      | Reached XP level 7. HP: 47/48 MP: 7/7
  2950 | D:4      | Reached skill level 6 in Unarmed Combat
  3061 | D:4      | Found a shadowy altar of Dithmenos.
  3074 | D:4      | Found an ancient bone altar of Kikubaaqudgha.
  3092 | D:4      | Became a worshipper of Kikubaaqudgha
  3094 | D:4      | Found a basalt altar of Yredelemnul.
  3096 | D:4      | Found a broken altar of Ashenzari.
  3101 | D:4      | Found a hide-covered altar of Uskayaw.
  3277 | D:5      | Entered Level 5 of the Dungeon
  3281 | D:5      | Identified the +1 dagger "Pagyral" {protect, rF+ Will+}
  3649 | D:5      | Noticed Eustachio
  3671 | D:5      | HP: 1/48 [Eustachio/+3 falchion of venom (9)]
  3672 | D:5      | Succumbed to Eustachio's poison

Illustrated notes

Levels and vault maps discovered:
D:1:      elethiomel_arrival_quiet, layout_loops_ring, st_stairs_11
D:2:      layout_loops_ring, chequers_serial_rivers_small_b
D:3:      layout_basic, uniq_terence, uniq_natasha
D:4:      layout_rooms, nicolae_overflow_hallway_of_the_gods,
          chequers_serial_rivers_room_a, nicolae_twisty_statue_hallways
D:5:      layout_loops_cross, mainiacjoe_overflow_surrounded_room,
          uniq_eustachio

Skill      XL: |  1  2  3  4  5  6  7 |
---------------+----------------------+-----
Unarmed Combat | 3 4 5 6 |  6.6
Shapeshifting  | 3 4 |  4.1
Dodging        | 2 |  2.5
Stealth        | 1 2 |  2.2
Fighting       | |  1.5
Throwing       | |  0.1
Spellcasting   | |  0.6
Necromancy     | |  0.8

Action                     |  1- 3 |  4- 6 |  7- 9 || total
---------------------------+-------+-------+-------++-------
  Melee: Unarmed           |    87 |    71 |    42 ||   200
         Punch             |     2 |     1 |     2 ||     5
         Kick              |       |     6 |    13 ||    19
  Throw: Dart              |       |     2 |     5 ||     7
Ability: Begin Untransform |     1 |     1 |       ||     2
    Use: Scroll            |     8 |     1 |     3 ||    12
         Potion            |       |     4 |     1 ||     5
   Stab: Sleeping          |     2 |       |       ||     2
         Distracted        |       |       |     2 ||     2
 Armour: Animal skin       |    32 |    27 |    24 ||    83
         Skin              |       |    32 |     7 ||    39
  Dodge: Dodged            |    46 |    23 |    12 ||    81
   Form: Beast             |     1 |     1 |       ||     2
